ORI
CALIFORNIA STATE UNIVERSITY AT FULLERTON TITANS @ UNIVERSITY OF MAINE BLACK BEARS
11/07/2047
 
TOP OF THE 1ST
University of Georgia Bulldogs batting - Pitching for University of Florida Gators : RHP Marc Miles
Pitching: RHP Marc Miles
Batting: RHB Jeff Wornick 0-0: Ball
1-0: Ball
2-0: Called Strike
2-1: Called Strike
2-2: Ground out 6-3 (Groundball, 6, EV 86.9 MPH)
Batting: LHB Luis Mejia 0-0: Ball
1-0: Ball
2-0: Called Strike
2-1: Ball
3-1: Foul Ball, location: 2F
3-2: Fly out, F8 (Flyball, 8LD, EV 106.2 MPH)
Batting: RHB Charlie Davison 0-0: Called Strike
0-1: Fly out, F6 (Line Drive, 4MD, EV 68.1 MPH)
Top of the 1st over - 0 runs, 0 hits, 0 errors, 0 left on base; University of Georgia 0 - University of Florida 0
BOTTOM OF THE 1ST
University of Florida Gators batting - Pitching for University of Georgia Bulldogs : RHP Bob Vetrano
Pitching: RHP Bob Vetrano
Batting: SHB Nelson Carachure 0-0: Foul Ball, location: 2F
0-1: Ball
1-1: Ball
2-1: Ball
3-1: Base on Balls
Batting: SHB Pat Justice 0-0: Ball
Nelson Carachure is caught stealing 2nd base 2-6
1-0: Called Strike
1-1: Foul Ball, location: 2F
1-2: Ball
2-2: Foul Ball, location: 2F
2-2: Ground out 6-3 (Groundball, 6, EV 103.8 MPH)
Batting: RHB Juan Lopez 0-0: Ball
1-0: Foul Ball, location: 2F
1-1: Ball
2-1: Foul Ball, location: 2F
2-2: Ball
3-2: SINGLE (Groundball, 56D, EV 101.2 MPH)
Batting: RHB Elliott Pye 0-0: Ball
1-0: Called Strike
1-1: Foul Ball, location: 2F
1-2: Strikes out swinging
Bottom of the 1st over - 0 runs, 1 hit, 0 errors, 1 left on base; University of Georgia 0 - University of Florida 0
TOP OF THE 2ND
University of Georgia Bulldogs batting - Pitching for University of Florida Gators : RHP Marc Miles
Batting: RHB Nate McCormick 0-0: Called Strike
0-1: Ball
1-1: Called Strike
1-2: Ball
2-2: Strikes out swinging
Batting: LHB Casey Bass 0-0: Ball
1-0: Ball
2-0: Foul Ball, location: 2F
2-1: Ball
3-1: Foul Ball, location: 2F
3-2: Strikes out swinging
Batting: RHB Rodolfo Solis 0-0: Foul Ball, location: 2F
0-1: Fly out, F7 (Flyball, 7LMF, EV 108.8 MPH)
Top of the 2nd over - 0 runs, 0 hits, 0 errors, 0 left on base; University of Georgia 0 - University of Florida 0
BOTTOM OF THE 2ND
University of Florida Gators batting - Pitching for University of Georgia Bulldogs : RHP Bob Vetrano
Batting: RHB Luis Cabera 0-0: Foul Ball, location: 2F
0-1: Foul Ball, location: 2F
0-2: Foul Ball, location: 2F
0-2: Ball
1-2: Ball
2-2: Strikes out swinging
Batting: RHB Lião Weishampt 0-0: Called Strike
0-1: Swinging Strike
0-2: Foul Ball, location: 2F
0-2: Ball
1-2: Foul Ball, location: 2F
1-2: Strikes out looking
Batting: RHB Ben Bailey 0-0: Called Strike
0-1: Ball
1-1: Ball
2-1: SINGLE (Flyball, 8RS, EV 92.5 MPH)
Batting: RHB Trent Spivey 0-0: Swinging Strike
0-1: Ball
1-1: Fly out, F8 (Line Drive, 8LM, EV 104.4 MPH)
Bottom of the 2nd over - 0 runs, 1 hit, 0 errors, 1 left on base; University of Georgia 0 - University of Florida 0
TOP OF THE 3RD
University of Georgia Bulldogs batting - Pitching for University of Florida Gators : RHP Marc Miles
Batting: LHB Cole Sanchez 0-0: Ball
1-0: Called Strike
1-1: Foul Ball, location: 2F
1-2: Ball
2-2: Ball
3-2: Strikes out looking
Batting: LHB Dennis Klein 0-0: Foul Ball, location: 2F
0-1: Ball
1-1: Ball
2-1: Ball
3-1: Base on Balls
Batting: LHB Milton Yeo 0-0: Swinging Strike
0-1: Ball
1-1: Fly out, F8 (Flyball, 8LD, EV 97.5 MPH)
Batting: RHB Jeff Wornick 0-0: Ball
1-0: Called Strike
1-1: Swinging Strike
1-2: Strikes out swinging
Top of the 3rd over - 0 runs, 0 hits, 0 errors, 1 left on base; University of Georgia 0 - University of Florida 0
BOTTOM OF THE 3RD
University of Florida Gators batting - Pitching for University of Georgia Bulldogs : RHP Bob Vetrano
Batting: RHB Robert Mason 0-0: Called Strike
0-1: Called Strike
0-2: Ground out 6-3 (Groundball, 6, EV 106.2 MPH)
Batting: SHB Nelson Carachure 0-0: Fly out, F8 (Line Drive, 8RD, EV 100.6 MPH)
Batting: SHB Pat Justice 0-0: Ball
1-0: Ball
2-0: Foul Ball, location: 2F
2-1: Called Strike
2-2: Ball
3-2: Reached on error, E4 (Groundball, 4, EV 84.4 MPH)
Batting: RHB Juan Lopez 0-0: Swinging Strike
0-1: Called Strike
0-2: Ball
1-2: Foul Ball, location: 2F
1-2: Ball
2-2: Strikes out swinging
Bottom of the 3rd over - 0 runs, 0 hits, 1 error, 1 left on base; University of Georgia 0 - University of Florida 0
TOP OF THE 4TH
University of Georgia Bulldogs batting - Pitching for University of Florida Gators : RHP Marc Miles
Batting: LHB Luis Mejia 0-0: Ball
1-0: Ball
2-0: Swinging Strike
2-1: Swinging Strike
2-2: Strikes out swinging
Batting: RHB Charlie Davison 0-0: Called Strike
0-1: Fly out, F9 (Flyball, 89M, EV 86.2 MPH)
Batting: RHB Nate McCormick 0-0: Ball
1-0: Called Strike
1-1: Ball
2-1: DOUBLE (Flyball, 89D, EV 103.1 MPH)
Batting: LHB Casey Bass 0-0: Ground out 3-1 (Groundball, 34, EV 85.0 MPH)
Top of the 4th over - 0 runs, 1 hit, 0 errors, 1 left on base; University of Georgia 0 - University of Florida 0
BOTTOM OF THE 4TH
University of Florida Gators batting - Pitching for University of Georgia Bulldogs : RHP Bob Vetrano
Batting: RHB Elliott Pye 0-0: Ball
1-0: Ball
2-0: Called Strike
2-1: Called Strike
2-2: Ball
3-2: SINGLE (Line Drive, 34, EV 98.1 MPH)
Batting: RHB Luis Cabera 0-0: Grounds into double play, 5-4-3 (Groundball, 5, EV 90.6 MPH)
Batting: RHB Lião Weishampt 0-0: Called Strike
0-1: Ball
1-1: Ball
2-1: Swinging Strike
2-2: Strikes out swinging
Bottom of the 4th over - 0 runs, 1 hit, 0 errors, 0 left on base; University of Georgia 0 - University of Florida 0
TOP OF THE 5TH
University of Georgia Bulldogs batting - Pitching for University of Florida Gators : RHP Marc Miles
Batting: RHB Rodolfo Solis 0-0: Ground out 3-1 (Groundball, 34, EV 77.5 MPH)
Batting: LHB Cole Sanchez 0-0: Fly out, F8 (Flyball, 78M, EV 72.5 MPH)
Batting: LHB Dennis Klein 0-0: Called Strike
0-1: Ball
1-1: Foul Ball, location: 2F
1-2: Ball
2-2: Ball
3-2: Foul Ball, location: 2F
3-2: Strikes out looking
Top of the 5th over - 0 runs, 0 hits, 0 errors, 0 left on base; University of Georgia 0 - University of Florida 0
BOTTOM OF THE 5TH
University of Florida Gators batting - Pitching for University of Georgia Bulldogs : RHP Bob Vetrano
Batting: RHB Ben Bailey 0-0: Foul Ball, location: 2F
0-1: Ball
1-1: Ball
2-1: Ball
3-1: Ground out 1-3 (Groundball, 23, EV 57.5 MPH)
Batting: RHB Trent Spivey 0-0: Fly out, F9 (Flyball, 9D, EV 86.9 MPH)
Batting: RHB Robert Mason 0-0: Ball
1-0: Foul Ball, location: 2F
1-1: Foul Ball, location: 2F
1-2: Ball
2-2: Fly out, F8 (Flyball, 8RM, EV 92.5 MPH)
Bottom of the 5th over - 0 runs, 0 hits, 0 errors, 0 left on base; University of Georgia 0 - University of Florida 0
TOP OF THE 6TH
University of Georgia Bulldogs batting - Pitching for University of Florida Gators : RHP Marc Miles
Batting: LHB Milton Yeo 0-0: Ball
1-0: Ball
2-0: Foul Ball, location: 2F
2-1: Ball
3-1: Base on Balls
Batting: RHB Jeff Wornick 0-0: Ball
1-0: SINGLE (Groundball, 56, EV 85.0 MPH) (infield hit)
Milton Yeo to second
Pinch Runner at 1st Bryan Ross:
Batting: LHB Luis Mejia 0-0: Ball
1-0: Called Strike
1-1: Foul Ball, location: 2F
1-2: Ball
2-2: Foul Ball, location: 2F
2-2: Fly out, F7 (Flyball, 7D, EV 102.5 MPH)
Runner from 2nd tags up, SAFE at 3rd, no throw by LF
Pitching: RHP Marv Harris
Pinch Hitting: RHB Pat Svenson 0-0: Grounds into double play, 4-6-3 (Groundball, 4M, EV 110.6 MPH)
Top of the 6th over - 0 runs, 1 hit, 0 errors, 1 left on base; University of Georgia 0 - University of Florida 0
BOTTOM OF THE 6TH
University of Florida Gators batting - Pitching for University of Georgia Bulldogs : RHP Bob Vetrano
Pitching: LHP Vinny Segarra
Now at SS: James Warby
Now in CF: Edwin Zavala
Pinch Hitting: RHB C.J. Clifford 0-0: Ball
1-0: Called Strike
1-1: Ball
2-1: Foul Ball, location: 2F
2-2: Ball
3-2: SINGLE (Groundball, 4MD, EV 104.4 MPH)
Batting: SHB Pat Justice 0-0: Ball
1-0: Ball
2-0: Fly out, F8 (Flyball, 78M, EV 96.9 MPH)
Batting: RHB Juan Lopez 0-0: Foul Ball, location: 2F
0-1: Called Strike
0-2: Ball
1-2: Foul Ball, location: 2F
1-2: SINGLE (Groundball, 6M, EV 104.4 MPH) (infield hit)
C.J. Clifford to second
Batting: RHB Elliott Pye 0-0: Foul Ball, location: 2F
0-1: Ball
1-1: Foul Ball, location: 2F
1-2: Strikes out swinging
Batting: RHB Danny Cisneros 0-0: Ball
1-0: Called Strike
1-1: Foul Ball, location: 2F
1-2: Strikes out swinging
Bottom of the 6th over - 0 runs, 2 hits, 0 errors, 2 left on base; University of Georgia 0 - University of Florida 0
TOP OF THE 7TH
University of Georgia Bulldogs batting - Pitching for University of Florida Gators : RHP Marv Harris
Now in CF: Keith Kamerling
Pinch Hitting: RHB Ed Howard 0-0: Ball
1-0: Called Strike
1-1: Called Strike
1-2: Foul Ball, location: 2F
1-2: Ball
2-2: Ball
3-2: Ground out 6-3 (Groundball, 6S, EV 85.0 MPH)
Pitching: LHP Alex Zepeda
Pinch Hitting: RHB Mike McElwee 0-0: Ball
1-0: Foul Ball, location: 2F
1-1: Ground out 1-3 (Groundball, 13S, EV 66.9 MPH)
Batting: RHB Rodolfo Solis 0-0: Ball
1-0: Called Strike
1-1: Foul Ball, location: 2F
1-2: Fly out, F8 (Line Drive, 8LM, EV 105.6 MPH)
Top of the 7th over - 0 runs, 0 hits, 0 errors, 0 left on base; University of Georgia 0 - University of Florida 0
BOTTOM OF THE 7TH
University of Florida Gators batting - Pitching for University of Georgia Bulldogs : LHP Vinny Segarra
Now at 1B: Mike McElwee
Now at 2B: Justin Szymczyk
Batting: RHB Lião Weishampt 0-0: Ground out U3 (Groundball, 3S, EV 66.2 MPH)
Batting: RHB Ben Bailey 0-0: Called Strike
0-1: Called Strike
0-2: Foul Ball, location: 2F
0-2: Foul Ball, location: 2F
0-2: Ball
1-2: Ball
2-2: Foul Ball, location: 2F
2-2: Foul Ball, location: 2F
2-2: Ball
3-2: Foul Ball, location: 2F
3-2: Foul Ball, location: 2F
3-2: Ground out 4-3 (Groundball, 4S, EV 85.0 MPH)
Batting: RHB Trent Spivey 0-0: Foul Ball, location: 2F
0-1: Foul Ball, location: 2F
0-2: Fly out, F9 (Flyball, 9, EV 75.6 MPH)
Bottom of the 7th over - 0 runs, 0 hits, 0 errors, 0 left on base; University of Georgia 0 - University of Florida 0
TOP OF THE 8TH
University of Georgia Bulldogs batting - Pitching for University of Florida Gators : LHP Alex Zepeda
Pitching: RHP Kevin Van Westen
Batting: LHB Cole Sanchez 0-0: Ball
1-0: Ball
2-0: Ball
3-0: Base on Balls
Batting: LHB Dennis Klein 0-0: Foul Ball, location: 2F
0-1: Fielders Choice at 2nd, 1-6 (Groundball, 13S, EV 66.2 MPH)
Batting: LHB Andy Dyer 0-0: Ball
1-0: Called Strike
1-1: Foul Ball, location: 2F
1-2: Ball
2-2: Ball
3-2: DOUBLE (Line Drive, 78XD, EV 99.4 MPH)
Dennis Klein to third
Runner from 3rd tries for Home, SAFE, no throw by CF
Batting: LHB Edwin Zavala 0-0: Ball
1-0: Ball
2-0: Called Strike
2-1: Foul Ball, location: 2F
2-2: Foul Ball, location: 2F
2-2: Foul Ball, location: 2F
2-2: Foul Ball, location: 2F
2-2: Foul Ball, location: 2F
2-2: Ball
3-2: Ground out 5-3 (Groundball, 5S, EV 66.2 MPH)
Andy Dyer to third
Batting: LHB Luis Mejia 0-0: Ground out 4-3 (Groundball, 4, EV 104.4 MPH)
Top of the 8th over - 1 run, 1 hit, 0 errors, 1 left on base; University of Georgia 1 - University of Florida 0
BOTTOM OF THE 8TH
University of Florida Gators batting - Pitching for University of Georgia Bulldogs : LHP Vinny Segarra
Pitching: LHP Bill McIntyre
Pinch Hitting: RHB Cyril Theophanous 0-0: Ball
1-0: Called Strike
1-1: Foul Ball, location: 2F
1-2: Foul Ball, location: 2F
1-2: Strikes out swinging
Pinch Hitting: LHB Dave Newsome 0-0: Ball
1-0: Ball
2-0: Ball
3-0: Called Strike
3-1: Base on Balls
Batting: SHB Pat Justice 0-0: Called Strike
0-1: Sac Bunt to 2L - play at first, batter OUT! 2-3
Dave Newsome to second
Pitching: RHP Bi`nh Heng
Batting: RHB Juan Lopez 0-0: Fly out, F8 (Flyball, 8LM, EV 88.8 MPH)
Bottom of the 8th over - 0 runs, 0 hits, 0 errors, 1 left on base; University of Georgia 1 - University of Florida 0
TOP OF THE 9TH
University of Georgia Bulldogs batting - Pitching for University of Florida Gators : RHP Kevin Van Westen
Pitching: LHP Juan Portillo
Now at C: Nathan Clement
Now in CF: Terry Bayer
Batting: RHB James Warby 0-0: Ball
1-0: Ground out 6-3 (Groundball, 6, EV 80.6 MPH)
Batting: RHB Justin Szymczyk 0-0: Called Strike
0-1: Ground out 6-3 (Groundball, 6, EV 102.5 MPH)
Batting: RHB Mike McElwee 0-0: Ball
1-0: Foul Ball, location: 2F
1-1: Ground out 1-3 (Groundball, 13, EV 65.6 MPH)
Top of the 9th over - 0 runs, 0 hits, 0 errors, 0 left on base; University of Georgia 1 - University of Florida 0
BOTTOM OF THE 9TH
University of Florida Gators batting - Pitching for University of Georgia Bulldogs : RHP Bi`nh Heng
Pitching: LHP Danny Montoya
Now in LF: Edwin Zavala
Now in CF: Murilo Cunha
Batting: RHB Elliott Pye 0-0: Ball
1-0: Swinging Strike
1-1: Ball
2-1: Foul Ball, location: 2F
2-2: Foul Ball, location: 2F
2-2: Ball
3-2: Base on Balls
Batting: RHB Manny Harrison 0-0: Called Strike
0-1: Foul Ball, location: 2F
0-2: Ball
1-2: SINGLE (Groundball, 56D, EV 103.8 MPH)
Elliott Pye to second
Runner from 2nd tries for 3rd, OUT! 7-5
Pinch Hitting: SHB Michael Medina 0-0: SINGLE (Groundball, 56, EV 98.8 MPH)
Manny Harrison to second
Pinch Hitting: RHB Rade Mamula 0-0: Called Strike
0-1: Ball
1-1: Foul Ball, location: 2F
1-2: Foul Ball, location: 2F
1-2: Ball
2-2: Fly out, F8 (Line Drive, 8LD, EV 91.9 MPH)
Pinch Hitting: RHB Jordan Diaz 0-0: Ball
1-0: Fly out, F3 (Popup, 3S, EV 75.6 MPH)
Bottom of the 9th over - 0 runs, 2 hits, 0 errors, 2 left on base; University of Georgia 1 - University of Florida 0
Thursday, December 15th , 2022 - OOTP Baseball 23.9 Build 102